Cogmind - Beta 16.1 @@@ ROGUE MODE // 2026.04.18 @ 18:40:37 Player: beans Result: Core destroyed Performance ------------- Evolutions (1) 500 Regions Visited (2) 400 Robots Destroyed (9) 45 Value Destroyed (147) 147 Prototype IDs (0) 0 Alien Tech Used (0) 0 Bonus (0) 0 TOTAL SCORE: 1092 Bonus ------- None Cogmind --------- Core Integrity 0/400 Matter 300/300 Energy 100/100 System Corruption 1% Temperature Cool (0) Movement Core (50) Location -9/Materials Parts ------- > --- POWER (1) -------- (None) > --- PROPULSION (2) --- (None) > --- UTILITY (2) ------ (None) > --- WEAPON (4) ------- (None) > --- INVENTORY (5) ---- Small Storage Unit Light Armor Plating Peak State ------------ > --- POWER ------------ Light Ion Engine > --- PROPULSION ------- Light Treads Light Treads > --- UTILITY ---------- Visual Processing Unit > --- WEAPON ----------- EM Shotgun EM Shotgun > --- INVENTORY -------- (None) [Rating: 9] Favorites ----------- Power Light Ion Engine Engine Light Ion Engine Propulsion Light Treads Treads Light Treads Utility Visual Processing Unit Storage Small Storage Unit Processor Visual Processing Unit Protection Light Armor Plating Weapon EM Shotgun Energy Gun EM Shotgun Build | -11 -10 -9 ------- Run | Yrd Mat Mat Slots Evolved 2 | . . 2 Power . | . . . Propulsion . | . . . Utility . | . . . Weapon 2 | . . 2 Parts Attached 10 | 3 5 2 Power 2 | 1 1 . Engine 2 | 1 1 . Core . | . . . Reactor . | . . . Propulsion 3 | 2 . 1 Treads 3 | 2 . 1 Leg . | . . . Wheel . | . . . Hover . | . . . Flight . | . . . Utility 3 | . 2 1 Device . | . . . Storage 1 | . 1 . Processor 1 | . 1 . Hackware . | . . . Protection 1 | . . 1 Artifact . | . . . Weapon 2 | . 2 . Energy Gun 2 | . 2 . Energy Cannon . | . . . Ballistic Gun . | . . . Ballistic Cannon . | . . . Launcher . | . . . Special Weapon . | . . . Impact Weapon . | . . . Slashing Weapon . | . . . Piercing Weapon . | . . . Special Melee Weapon . | . . . Unidentified Prototypes . | . . . Parts Lost 6 | . 6 . Power 2 | . 2 . Propulsion 2 | . 2 . Utility . | . . . Weapon 2 | . 2 . Highest Loss Streak 3 | . 3 . To Critical Strikes . | . . . Average Backups . | . . 1 Power . | . . . Propulsion . | . . . Utility . | . . . Weapon . | . . . Tool/Special . | . . . Unused Backups 1 | . . 1 Power . | . . . Propulsion . | . . . Utility 1 | . . 1 Weapon . | . . . Tool/Special . | . . . Average Slot Usage (%) 56 | . 70 19 Engine 6 | . 9 . Treads 19 | . 26 1 Storage 3 | . 2 6 Processor 11 | . 12 9 Energy Gun 13 | . 18 . Peak Build Rating 9 | 3 9 4 Average Rating 5 | 2 7 2 On Entrance 2 | . 3 3 Avg Prop Armor Cover (%) . | . . . Naked Turns 13 | . . 13 Heaviest Build 9 | 3 9 5 Greatest Support 40 | 40 40 20 Greatest Overweight (x) 1 | . 1 1 Average Overweight (x) . | . . . Largest Inventory Capacity 8 | 5 8 8 Average Capacity 5 | 5 5 6 Most Carried 4 | 2 3 4 Average Carried . | . . 1 Final Capacity 8 | 5 8 5 Final Carried 2 | . 1 2 Class Distribution -------------------- 100% | Mutant Dominant Class ---------------- Mutant | -10/Materials Mutant | -9/Materials Resources | -11 -10 -9 ----------- Run | Yrd Mat Mat Matter Collected 265 | 161 104 . Remotely . | . . . Salvage Created 349 | . 349 . Parts 21 | . 21 . Haulers Intercepted 2 | . 2 . Recyclers Shooed . | . . . Parts Field Recycled . | . . . Retrieved Matter . | . . . Parts Self-Destructed . | . . . Prevented . | . . . Parts Restored . | . . . Kills | -11 -10 -9 ------- Run | Yrd Mat Mat Combat Hostiles Destroyed 3 | . 3 . Melee 1 | . 1 . Guns 2 | . 2 . Classes Destroyed 6 | . 6 . Worker 1 | . 1 . Hauler 2 | . 2 . Recycler 2 | . 2 . Operator 1 | . 1 . Swarmer 2 | . 2 . Grunt 1 | . 1 . Best Kill Streak 6 | . 6 . Combat Bots Only 2 | . 2 . Max Kills in Single Turn 2 | . 2 . Gunslinging . | . . . Exploded . | . . . Melee 1 | . 1 . Uniques/NPCs Destroyed . | . . . Combat | -11 -10 -9 -------- Run | Yrd Mat Mat Hostile Shots Fired 165 | . 108 57 Missed 57 | . 38 19 Hits 108 | . 70 38 Projectile 108 | . 70 38 Critical Strikes 2 | . . 2 Damage Taken 1229 | . 697 532 Core 581 | . 173 408 Absorbed by Shields . | . . . Core Remaining (%) 65 | 100 30 . Volleys Fired 15 | . 15 . Largest 2 | . 2 . Hottest 90 | . 90 . Shots Fired 29 | . 29 . Gun 29 | . 29 . Cannon . | . . . Launcher . | . . . Special . | . . . Kinetic . | . . . Thermal . | . . . Explosive . | . . . Electromagnetic 29 | . 29 . Robot Hit Streak 6 | . 6 . Robot Miss Streak 7 | . 7 . Penetration Max . | . . . Secondary Targets . | . . . Shots Hit Robots 12 | . 12 . Core Hits 14 | . 14 . Critical Kills . | . . . Critical Parts Destroyed . | . . . Critical Strikes . | . . . Melee Attacks . | . . . Impact . | . . . Slashing . | . . . Piercing . | . . . Sneak Attacks . | . . . Combat Hostiles . | . . . Follow-up Attacks . | . . . Damage Inflicted 346 | . 304 42 Guns 216 | . 216 . Cannons . | . . . Explosions 71 | . 71 . Melee . | . . . Ramming 59 | . 17 42 Kinetic . | . . . Thermal 71 | . 71 . Explosive . | . . . Electromagnetic 216 | . 216 . Impact . | . . . Slashing . | . . . Piercing . | . . . Highest Corruption 1 | . . 1 Average Corruption 1 | . . 1 Corruption Purged . | . . . Corruption Blocked . | . . . Overload Shots . | . . . Overflow Damage 20 | . 20 . Projectiles . | . . . Explosions 20 | . 20 . Melee . | . . . Knockbacks . | . . . Impact . | . . . Kinetic . | . . . Secondary . | . . . Self-Inflicted Damage 115 | . 100 15 Shots 2 | . 2 . Rammed 39 | . 19 20 Targets Rammed 40 | . 20 20 Kicked . | . . . Crushed 1 | . 1 . Highest Temperature 166 | . 166 3 Average Temperature 50 | . 50 3 Received Heat Transfer 324 | . 18 306 Siege Activations . | . . . Martial Activations . | . . . Shielding Activations . | . . . Robots Disrupted . | . . . Combat Hostiles . | . . . Robots Corrupted . | . . . Combat Hostiles . | . . . Parts Fried 1 | . 1 . Impact Corruptions . | . . . Robots Melted . | . . . Combat Hostiles . | . . . Parts Melted . | . . . Heat Transferred 50 | . 50 . Parts Sabotaged . | . . . Parts Stolen . | . . . Parts Stripped . | . . . Power Chain Reactions 1 | . 1 . Alert | -11 -10 -9 ------- Run | Yrd Mat Mat Maximum Alert Level . | . . . Low Security (%) 100 | 100 100 100 Level 1 . | . . . Level 2 . | . . . Level 3 . | . . . Level 4 . | . . . Level 5 . | . . . High Security . | . . . Max Security . | . . . Peak Influence 126 | . 126 33 Initial 33 | . . 33 Average 43 | . 63 13 Influence Increases 261 | . 261 . Destroy 0b10 Robot/C 60 | . 60 . Destroy 0b10 Robot/NC 30 | . 30 . Destroy Leader 24 | . 24 . Disable Machine 90 | . 90 . Destroy Structure 42 | . 42 . Lose Combat Pursuer 15 | . 15 . Influence Decreases 261 | . 180 81 Entered New Map 48 | . . 48 Time Decay 153 | . 120 33 Lost Part 60 | . 60 . Squads Dispatched 2 | . 2 . Investigation 1 | . 1 . Extermination . | . . . Reinforcement 1 | . 1 . Assault . | . . . Garrison . | . . . Intercept . | . . . Searches Triggered . | . . . Construction Impeded . | . . . Haulers Reinforced . | . . . Active Scanning Responses . | . . . Cargo Convoy Interrupts . | . . . Stealth | -11 -10 -9 --------- Run | Yrd Mat Mat Distress Signals . | . . . Communications Jammed . | . . . Distress Signals . | . . . Times Spotted 17 | . 10 7 Peak Tracking Total 8 | . 5 8 Tactical Retreats 1 | . 1 . Traps | -11 -10 -9 ------- Run | Yrd Mat Mat Traps Triggered 3 | . 1 2 Indirectly . | . . . Trap Hack Attempts . | . . . Triggered . | . . . Disarmed . | . . . Reprogrammed . | . . . Reused . | . . . Traps Extracted . | . . . Installed . | . . . Triggered . | . . . Machines | -11 -10 -9 ---------- Run | Yrd Mat Mat Machines Disabled 6 | . 6 . Max in Single Turn 4 | . 4 . Machines Repaired . | . . . Machines Dismantled . | . . . Machines Sabotaged . | . . . Overloaded Fab Kills . | . . . Hacking | -11 -10 -9 --------- Run | Yrd Mat Mat Machines Accessed 1 | . . 1 Terminals . | . . . Fabricators . | . . . Repair Stations . | . . . Recycling Units . | . . . Scanalyzers 1 | . . 1 Garrison Access . | . . . Total Hacks 1 | . . 1 Successful 1 | . . 1 Failed . | . . . Catastrophic . | . . . Database Lockouts . | . . . Manual . | . . . Terminals . | . . . Fabricators . | . . . Repair Stations . | . . . Recycling Units . | . . . Scanalyzers 1 | . . 1 Garrison Access . | . . . Terminal Hacks . | . . . Fabricator Hacks . | . . . Repair Station Hacks . | . . . Recycling Unit Hacks . | . . . Scanalyzer 1 | . . 1 Retrieve Study 1 | . . 1 Garrison Access Hacks . | . . . Unauthorized Hacks . | . . . Terminals . | . . . Fabricators . | . . . Repair Stations . | . . . Recycling Units . | . . . Scanalyzers . | . . . Garrison Access . | . . . Data Cores Recovered . | . . . Used . | . . . Hacking Detections . | . . . Full Trace Events . | . . . Feedback Events . | . . . Feedback Blocked . | . . . Robot Schematics Acquired . | . . . Robots Built . | . . . Authchips . | . . . Time . | . . . Total Robot Build Rating . | . . . Part Schematics Acquired . | . . . Parts Built . | . . . Authchips . | . . . Time . | . . . Total Part Build Rating . | . . . Part Studies Acquired 1 | . . 1 Parts Repaired . | . . . Time . | . . . Parts Recycled . | . . . Recycled Matter . | . . . Retrieved Matter . | . . . Retrieved Components . | . . . Parts Scanalyzed . | . . . Part Schematics Acquired . | . . . Parts Damaged . | . . . Bothacking | -11 -10 -9 ------------ Run | Yrd Mat Mat Used RIF Installer . | . . . Robots Hacked . | . . . Non-combat . | . . . Combat . | . . . Robot Hacks Applied . | . . . Relay Couplers Released . | . . . Fabnet Peak Effective % . | . . . Robots Rewired . | . . . Allies Hacked . | . . . Hacks Repelled . | . . . Allies | -11 -10 -9 -------- Run | Yrd Mat Mat Total Allies . | . . . Largest Group . | . . . Highest-Rated Group . | . . . Highest-Rated Ally . | . . . Total Orders . | . . . Ally Attacks . | . . . Total Damage . | . . . Kills . | . . . Allies Corrupted . | . . . Allies Melted . | . . . Intel | -11 -10 -9 ------- Run | Yrd Mat Mat Active Infowar (turns) 378 | . 283 95 Optics 378 | . 283 95 Robot Analysis Total . | . . . Derelict Logs Recovered . | . . . Drone Launches . | . . . Drone Recoveries . | . . . Exploration | -11 -10 -9 ------------- Run | Yrd Mat Mat Turns Passed 461 | 54 299 108 Spaces Moved 251 | 34 132 85 Core 99 | 8 13 78 Treads 152 | 26 119 7 Legs . | . . . Wheels . | . . . Hover . | . . . Flight . | . . . Fastest Speed 50 | 50 100 50 Average Speed 130 | 134 154 93 Slowest Speed 160 | 160 160 160 Overloaded Moves . | . . . Propulsion Burnouts . | . . . Robots Hopped . | . . . Potential Cave-ins . | . . . Cave-ins Triggered . | . . . Exploration Rate (%) 16 | 3 34 13 Regions Visited 2 Branch Regions . Pre-discovered Areas . | . . . Known Exits Taken . | . . . Unknown Exits Taken 2 | 1 1 . Scrap Searched . | . . . Spaces Dug . | . . . Terrain Destroyed 43 | . 43 . Melee . | . . . Projectile . | . . . AOE 43 | . 43 . Terrain Rammed . | . . . Walls Destroyed . | . . . Machines Disabled . | . . . Actions | -11 -10 -9 --------- Run | Yrd Mat Mat Total 338 | 43 186 109 Wait 13 | 4 9 . Move 249 | 33 131 85 Hop . | . . . Pick Up 11 | 3 6 2 Fast Attach . | . . . Attach 10 | 3 5 2 Detach 1 | . . 1 Swap . | . . . Drop . | . . . Fire 15 | . 15 . Melee . | . . . Ram 11 | . . 11 Kick . | . . . Crush 28 | . 20 8 Escape Stasis . | . . . Rewire . | . . . Trap . | . . . Miscellaneous . | . . . Route ------- -11/Scrapyard -10/Materials (discovered 2 exits: *Mat / [*Min]) -9/Materials History --------- Turn | Location | Event 3 | -11/Scrapyard | Discovered new exit (range 16) 55 | -11/Scrapyard | Entered Materials 164 | -10/Materials | Discovered new exit (range 18) 322 | -10/Materials | Build established: Mutant 331 | -10/Materials | Lost 3 parts (1p2w) 344 | -10/Materials | Core integrity fell below 50% 344 | -10/Materials | Discovered new exit (range 11) 354 | -10/Materials | Entered another Materials area 354 | -9/Materials | Evolved 2 slots: Weapon x2 435 | -9/Materials | Core integrity fell below 50% 457 | -9/Materials | Core integrity fell below 20% 462 | -9/Materials | Core destroyed Last Messages --------------- Slammed into G-47 Trooper. Triggered Shock Trap. The floor emits a surge of raw power. System corrupted (+1). Slammed into G-47 Trooper. Triggered Blade Trap. Massive razor-sharp blades shoot up from within the floor. Lgt. Armor Plating severed. Lgt. Treads+ severed. Visual Processing Unit severed. U-05 Engineer lays Concrete. Slammed into G-47 Trooper. U-05 Engineer lays Concrete. Slammed into G-47 Trooper. K-01 Serf cleans the Terminal. Slammed into G-47 Trooper. K-01 Serf collects debris. Slammed into G-47 Trooper. Destabilizing: Core damaged (-12). Map ----- +----------------------------------------------------+ | ????????????????????????????????????????? | | ??????????????????##????????????????????? | | ?????????????????##! ???????????????????? | | ?????????????????#! ??????????????????? | | ?????????????????#! ??????#####?######? | | ?????????????????#! ?????# #? =#? | | ?????????????????#! ????# # #? | | ??????????????????#! ???# # """ #? | | ?????????????????????# #### + """ #? | | ???????????????####### # """ #? | | ????????? # #? | | ?????????????????##### ########? | | ??????????????????########### # [ #? | | ??????????????????# ## # "" #? | | ??????????????????# T ## # ""S #? | | ?????????########## ## + "" #? | | ###??????# # ?# # #? | | # ?????# """"" # "" ??# # #? | | # ?##### """"" #? ???# ########? | | # # # """"" #?##+###### #???????? | | # # / ###%=%!%% #???????? | | # + # ! + Y ^%%% #???????? | | # # # ### %^ #???????? | | # # # =#?# g %^ #???????? | | # ?# # !! #?# %%% #???????? | | # ?# ##########?# k @g ##??????? | | ###??# #??????????# ""T"" #??????? | | ?????# #??????????# """"" #??????? | | ????## ############ +??????? | | ????# g k #??????? | | ##############"T"# #??????? | | ! #????????????#"""## ##??????? | | #????????????###### #???????? | | ##### #?????????????????# #???????? | | ????#######?????????????????# #???????? | | ????????????????????????????# #???????? | | ????????????????????????????# #???????? | | ????????????????????????????# #???????? | | ????????????????????????????# #???????? | | ????????????????????????????# #???????? | | ????????????????????????????# #???????? | | ????????????????????????????? #???????? | | ????????????????????????????? #???????? | | ????????????????????????????? ???????? | | ????????????????????????????? ???????? | | ????????????????????????????????????????? | | ????????????????????????????????????????? | | ????????????????????????????????????????? | | ????????????????????????????????????????? | | ????????????????????????????????????????? | +----------------------------------------------------+ Best States ------------- Heat Dissipation 28 Energy Generation 10 Energy Capacity 125 Matter Stores 300 Matter Capacity 300 Sight Range 18 Terrain Scan Density 10 Armor Coverage 150 Evasion (%) 50 Recoil Reduction 2 Item Schematics ----------------- None Robot Schematics ------------------ None Fabricated ------------ Nothing Repaired ---------- Nothing Studied --------- Lgt. Treads | -9/Materials | Hacked Alien Tech Used ----------------- None Achievements -------------- None Challenges ------------ None Game ------ Seed ScatterCoilSabre Manual? 0 Play Time 00:04:24 Cumulative 269.5 hours Start 2026.04.18 @ 18:37:19 End 2026.04.18 @ 18:40:37 Sessions 1 Manual Loads 0 Difficulty Rogue Special Mode None Game No. 709 Rogue 707 Adventurer 2 Explorer 0 Win Type - Total 0 Types 0/0/0/0/0/0/0/0/0/0 Lore% 67 Gallery% 64 Achievement% 44 Wizard Run 0 Options --------- Layout 2 ASCII 0 Keyboard 0 Movement Mouse Keybinds 0 Fullscreen 1 Font 24/Smallcaps Map View 50x44 Zoom Use 0% Tactical HUD 0 Map Filters NONE Filters NONE Steam 1 RUN: 8cbc1074-771b-4acd-80cb-1bf5a392e14e